 Dungeon Crawl Stone Soup version 0.28.0-43-g3370ac3207 (webtiles) character file.

Game seed: 17817029901038012144

23 adizb the Skirmisher (level 3, -3/24 HPs)
             Began as a Gargoyle Fighter on Mar 6, 2022.
             Killed by nerve-wracking pain
             ... invoked by Jessica
              (5 damage)
             ... on level 2 of the Dungeon.
             The game lasted 00:02:57 (721 turns).

adizb the Skirmisher (Gargoyle Fighter)              Turns: 721, Time: 00:02:57

Health: -3/24      AC: 10    Str: 21    XL:     3   Next: 0%
Magic:  3/3        EV:  9    Int:  8    God:
Gold:   32         SH:  4    Dex:  9    Spells: 2/2 levels left

rFire   . . .      SeeInvis .   a - +0 flail
rCold   . . .      Faith    .   c - +0 buckler
rNeg    + . .      Spirit   .   b - +0 scale mail
rPois   ∞          Reflect  .   (no helmet)
rElec   +          Harm     .   (no cloak)
rCorr   .          Rampage  .   (no gloves)
Will    .....                   (no boots)
Stlth   ..........              (no amulet)
HPRegen 0.08/turn               (no ring)
MPRegen 0.08/turn               (no ring)

@: no status effects
A: sickness immunity, AC +3, negative energy resistance 1, electricity
resistance, torment resistance 1, petrification resistance
a: no special abilities


You were on level 2 of the Dungeon.
You visited 1 branch of the dungeon, and saw 2 of its levels.

You collected 32 gold pieces.

Inventory:

Hand Weapons
 a - a +0 flail (weapon)
Armour
 b - a +0 scale mail (worn)
 c - a +0 buckler (worn)
Scrolls
 e - a scroll of fog {unknown}
 g - a scroll of identify {unknown}
 h - a scroll of magic mapping {unknown}
Potions
 d - a potion of might
 f - a potion of flight {unknown}
 i - a potion of attraction {unknown}


   Skills:
 * Level 3.8 Fighting
 + Level 2.3 Maces & Flails
 + Level 3.5 Armour
 + Level 3.5 Shields


You had 2 spell levels left.
You didn't know any spells.
Your spell library contained the following spells:

 Spells                   Type           Power      Damage    Failure   Level
 Tukima's Dance           Hex            0%         N/A       99%         3
 Passage of Golubria      Tloc           0%         N/A       100%        4
 Yara's Violent Unravell  Hex/Tmut       0%         3d3       100%        5


Dungeon Overview and Level Annotations

Branches:
Dungeon (2/15)

Altars:

Annotations:
D:2 Jessica


Innate Abilities, Weirdness & Mutations

You are immune to sickness and miasma.
Your stone body is resilient. (AC +3)
You are immune to poison.
You resist negative energy. (rN+)
You are resistant to electric shocks. (rElec)
You are resistant to unholy torment.
You are immune to petrification.


Message History

The giant cockroach closely misses you.
There is a stone staircase leading up here.
You hit the ball python.
The ball python is moderately wounded.
The ball python bites you but does no damage.
The ball python constricts you.
The giant cockroach bites you but does no damage.
You block the ball python's attack. The ball python constricts you.
The giant cockroach bites you but does no damage.
You sock the ball python!
You kill the ball python!
The giant cockroach bites you.
You hit the giant cockroach.
The giant cockroach is severely wounded.
You block the giant cockroach's attack. Jessica casts a spell at you.
Pain shoots through your body! The giant cockroach closely misses you.
You sock the giant cockroach!
You kill the giant cockroach!
You have reached level 3!
Your experience leads to an increase in your attributes!
Increase (S)trength, (I)ntelligence, or (D)exterity?
You feel stronger. x2
You barely miss Jessica.
Jessica gestures wildly while chanting.
Jessica blinks!
Jessica hits you with a +0 club.
You hit Jessica but do no damage.
Jessica mumbles some strange words.
Jessica seems to speed up.
You closely miss Jessica. You block Jessica's attack.
Jessica casts a spell at you. Pain shoots through your body!
You hit Jessica but do no damage. Jessica hits you with a +0 club.
* * * LOW HITPOINT WARNING * * *
Jessica hits you with a +0 club.
* * * LOW HITPOINT WARNING * * *
Jessica gestures at you while chanting. Pain shoots through your body!
You die...

........
.......####.#.
#.............
#.....#...#..#
#.....#.......
.##.............
........#.......
##...†@........
.>......@.......
####............
##...........
#...........
......##.#...
.......# .# ..
........# # .
.########


You could see Jessica (fast).

Vanquished Creatures
  3 endoplasms (D:1)
  A giant cockroach (D:2)
  A goblin (D:1)
  A hobgoblin (D:1)
  8 jackals (D:1)
  2 ball pythons
  A bat (D:1)
  A kobold (D:1)
  A rat (D:1)
19 creatures vanquished.

Notes
Turn   | Place    | Note
-------+----------+-------------------------------------------
     0 | D:1      | adizb the Gargoyle Fighter began the quest for the Orb.
     0 | D:1      | Reached XP level 1. HP: 14/14 MP: 1/1
    69 | D:1      | Reached XP level 2. HP: 14/19 MP: 2/2
   702 | D:2      | Noticed Jessica
   716 | D:2      | Reached XP level 3. HP: 17/24 MP: 3/3
   721 | D:2      | Killed from afar by Jessica

Illustrated notes

Levels and vault maps discovered:
D:1:      saegor_arrival_simple_d, layout_loops_ring
D:2:      layout_rooms, shapermc_ecumenical_altar_mp_vishouse, uniq_jessica

Action                   || total
-------------------------++-------
Melee: Flail             ||    53
Armor: Scale mail        ||    30
Dodge: Dodged            ||    22
Block: Buckler           ||    21
